Map: Central Protocol

Players

Miszu - Winner!

  • Race: Terran Terran
  • League: Master

Silence

  • Race: Zerg Zerg
  • League: Master

VOD

Have the link to the VOD?

Description

Time

  • Played on: March 27, 2016, 4:16 p.m.
  • Length: 5:08
Show
View Real Time Build Order
Export as new Build Order

Miszu Terran - Winner!

Build Orders: Liberator Opening, Reaper Expand 

Get SALT Encoding   

  12  0:01  SCV  
  13  0:13  SCV  
  14  0:17  Supply Depot  
  14  0:25  SCV  
  15  0:39  SCV  
  15  0:40  Barracks  
  16  0:44  Refinery  
  16  0:51  SCV  
  17  1:03  SCV  
  18  1:15  SCV  
  19  1:27  Orbital Command  
  19  1:28  Reaper  
  20  1:40  Command Center  
  20  1:50  Supply Depot  
  20  1:53  SCV  
  21  1:59  Refinery  
  21  2:00  Barracks Reactor  
  21  2:05  SCV  
  22  2:17  SCV  
  23  2:27  Factory  
  23  2:29  SCV  
  24  2:40  Marine x2  
  24  2:41  SCV  
  27  2:53  SCV  
  27  2:55  Orbital Command  
  27  2:57  Marine  
  27  2:58  Marine  
  30  3:05  SCV  
  30  3:07  Bunker  
  30  3:12  Starport, Factory Tech Lab  
  31  3:18  Marine x2, SCV  
  34  3:22  SCV  
  35  3:30  SCV  
  35  3:31  Siege Tank  
  35  3:34  SCV, Liberator  
  40  3:42  Supply Depot, SCV  
  40  3:46  SCV  
  42  3:54  SCV  
  46  4:00  Supply Depot  
  46  4:04  SCV  
  46  4:06  SCV  
  47  4:10  Marine x2  
  47  4:16  SCV  
  53  4:18  SCV  
  53  4:21  Command Center  
  53  4:24  Siege Tank  
  54  4:28  SCV  
  54  4:30  SCV  
  56  4:40  SCV  
Show
View Real Time Build Order
Export as new Build Order

Silence Zerg 

Build Orders: Hatch First 

Get SALT Encoding   

  12  0:01  Drone  
  13  0:09  Drone  
  14  0:20  Overlord  
  14  0:23  Extractor  
  14  0:26  Drone  
  15  0:38  Drone x2  
  17  0:55  Hatchery  
  16  0:58  Drone  
  16  1:01  Drone  
  16  1:02  Extractor  
  17  1:17  Spawning Pool  
  16  1:19  Drone  
  16  1:23  Drone  
  18  1:28  Drone  
  19  1:39  Overlord  
  19  1:50  Drone  
  20  2:03  Queen  
  20  2:04  Metabolic Boost, Zergling x2  
  20  2:07  Queen  
  25  2:12  Zergling x2  
  25  2:15  Drone  
  27  2:18  Drone  
  28  2:24  Spore Crawler  
  28  2:27  Drone  
  29  2:37  Zergling x4  
  31  2:45  Queen  
  31  2:47  Lair  
  33  2:55  Overlord  
  33  2:57  Drone  
  34  3:09  Drone x2  
  36  3:17  Extractor  
  35  3:22  Drone  
  35  3:23  Drone x4  
  40  3:27  Drone x4  
  40  3:33  Extractor  
  43  3:41  Spore Crawler  
  43  3:48  Extractor  
  44  3:50  Hydralisk Den  
  41  3:57  Drone x3  
  43  4:07  Spore Crawler  
  39  4:13  Drone x5  
  44  4:34  Overlord x2  
  44  4:35  Overlord  
Tags
 
Add a new tag
Caveats
  • Supply blocks, unpowered buildings, or Contaminate may cause inaccurate times.
  • Supply counts are checked every 10 seconds.